[Event "*** Titled Tuesday 3|2 Blitz (Late)"]
[Site "Chess.com"]
[Date "2017.01.03"]
[Round "8"]
[White "iturrizaga"]
[Black "Gordima"]
[Result "1-0"]
[WhiteElo "2687"]
[BlackElo "2487"]
[TimeControl "180+2"]
[EndTime "18:37:45 PST"]
[Termination "iturrizaga won by resignation"]

1. Nf3 Nf6 2. c4 g6 3. g3 Bg7 4. Bg2 O-O 5. O-O d6 6. d4 Nbd7 7. Nc3 e5 8. e4 Re8 9. Be3 a5 10. h3 c6 11. d5 c5 12. Ne1 Nb8 13. Nd3 Na6 14. a3 Nd7 15. Qd2 Nb6 16. b3 a4 17.
Qa2 f5 18. b4 f4 19. Bd2 Nd7 20. g4 h5 21. f3 Bf6 22. Nxa4 Nab8 23. Qb3 b5 24. Nab2 Ba6 25. bxc5 Nxc5 26. Nxc5 Qb6 27. Kh1 Qxc5 28. cxb5 Qxb5 29. Qxb5 Bxb5 30. Rfc1 hxg4 31. hxg4 Bd8 32. Bf1 Bxf1 33. Rxf1 Bb6 34. Nc4 Bd4 35. Rab1 Nd7 36. Bb4 Rec8 37. Rbc1 Kg7 38. Nxd6 Rh8+ 39. Kg2 Ra7 40. Nb5 Rb7 41. Nxd4 exd4 42. Rfd1 Ne5 43.
Rxd4 Kf6 44. Rdd1 Rbh7 45. Rh1 Nd3 46. Bc3+ Ne5 47. Rxh7 Rxh7 48. g5+ 1-0

[Event "*** Titled Tuesday 3|2 Blitz (Late)"]
[Site "Chess.com"]
[Date "2017.01.03"]
[Round "8"]
[White "yian123"]
[Black "aspired"]
[Result "0-1"]
[WhiteElo "2388"]
[BlackElo "2476"]
[TimeControl "180+2"]
[EndTime "18:37:46 PST"]
[Termination "aspired won on time"]

1. e4 e5 2. Nf3 Nc6 3. Bb5 Nf6 4. O-O Nxe4 5. Re1 Nd6 6. Nxe5 Be7 7. Bf1 Nf5 8. Nf3 O-O 9. d4 d5 10. c3 h6 11. Bd3 Bd6 12. Nbd2 Nh4 13. Nxh4 Qxh4 14. Nf1 Rb8 15. Bc2 Ne7 16. Ng3 c6 17. Be3 f5 18. f4 Ng6 19. Qh5 Qxh5 20. Nxh5 Bd7 21. Bd2 Rbe8 22. Kf2 Kf7 23. Kf3 Nh4+ 24. Kf2 Ng6 25.
Kf3 a6 26. Ng3 Rxe1 27. Rxe1 Ne7 28. h4 a5 29. h5 b5 30. b3 Rb8 31. Bd3 Kf6 32.
Rc1 Be6 33. Be1 a4 34. b4 Bf7 35. Bf2 Rh8 36. Rh1 Be6 37. Ne2 Kf7 38. Bh4 Rf8 39. Ng3 Ke8 40. Re1 Kd7 41. Re2 Nc8 42. Nf1 Bc7 43. Nd2 Nd6 44. Be1 Ne4 45. Nf1 Bd8 46. Rc2 Bf7 47. Ng3 Nxg3 48. Kxg3 Bxh5 49. Be2 Re8 50. Bxh5 Rxe1 51. Kf2 Ra1 52. Bg6 a3 53. Bxf5+ Kd6 54. g3 h5 0-1

[Event "*** Titled Tuesday 3|2 Blitz (Late)"]
[Site "Chess.com"]
[Date "2017.01.03"]
[Round "8"]
[White "Ez_Chess2016"]
[Black "SabinaFoisor"]
[Result "1-0"]
[WhiteElo "1988"]
[BlackElo "2170"]
[TimeControl "180+2"]
[EndTime "18:37:47 PST"]
[Termination "Ez_Chess2016 won on time"]

1. e4 e5 2. Nf3 Nc6 3. d4 exd4 4. Bc4 Nf6 5. e5 d5 6. Bb5 Ne4 7. Nxd4 Bc5 8. Be3 O-O 9. Bxc6 bxc6 10. O-O Ba6 11.
Re1 Qh4 12. Nc3 Nxc3 13. bxc3 Bxd4 14. cxd4 Rab8 15. f4 Bc8 16. Qd2 Bf5 17. Bf2 Qg4 18. h3 Qg6 19. Kh2 Rb2 20. g4 Bxg4 21. hxg4 Rxc2 22. Qe3 Qxg4 23. Rg1 Qh5+ 24. Kg2 Rb8 25. Rab1 Qg6+ 26. Qg3 Rxf2+ 27. Kxf2 Qc2+ 28. Kf3 Qd3+ 29. Kg2 Qxb1 30. Rxb1 Rxb1 31. Qg5 h6 32. Qd8+ Kh7 33.
a3 Rb2+ 34. Kf1 Rb3 35. Qe7 Rf3+ 36. Ke2 Rxf4 37. Ke3 Re4+ 38. Kd3 Kg6 39. Qxc7 h5 40. Qxc6+ f6 41. Qxd5 Rg4 42. e6 Rg3+ 43. Kc4 Re3 44. Qd7 h4 45. e7 h3 46. e8=Q+ Rxe8 47. Qxe8+ Kg5 48. Qh8 Kg4 49. Qxg7+ Kf3 50. Qxf6+ Kg2 51. Qg5+ Kh1 52. d5 h2 53. Qh4 a5 54. Qxh2+ Kxh2 55.
d6 Kg3 56. d7 Kf3 57. d8=Q 1-0

[Event "*** Titled Tuesday 3|2 Blitz (Late)"]
[Site "Chess.com"]
[Date "2017.01.03"]
[Round "8"]
[White "Divertissement"]
[Black "jcgs1030"]
[Result "1/2-1/2"]
[WhiteElo "2441"]
[BlackElo "2335"]
[TimeControl "180+2"]
[EndTime "18:38:38 PST"]
[Termination "Game drawn - insufficient material"]

1. e4 c5 2. Nc3 Nc6 3. Bb5 g6 4.
Bxc6 bxc6 5. d3 Bg7 6. Nge2 Rb8 7. O-O d6 8. Rb1 e5 9. f4 exf4 10. Bxf4 Ne7 11. Qe1 O-O 12. Qg3 c4 13. Bxd6 cxd3 14.
Bxb8 dxe2 15. Nxe2 Ba6 16. Bc7 Qd2 17. Bd6 Bxe2 18.
Bxe7 Re8 19. Bg5 Qxc2 20. Rfc1 Qxe4 21. Re1 h6 22. Bf4 g5 23. Bc7 Qf5 24. Rbd1 Re6 25.
Rd2 Bc4 26. h4 Bxa2 27. Rxe6 Bxe6 28. hxg5 hxg5 29. Rd8+ Kh7 30. Qh2+ Kg6 31. Qg3 Bxb2 32. Rg8+ Bg7 33. Kh2 a5 34. Bd6 f6 35. Ra8 Bd5 36. Ra7 Qe4 37. Bb8 a4 38. Bd6 Bh6 39. Re7 Qh4+ 40.
Qxh4 gxh4 41. Ra7 Bb3 42. Ra6 Bc1 43. Rxc6 Bb2 44. Ra6 Kf5 45. Be7 Be5+ 46. Kh3 Bg3 47. Ra5+ Ke6 48. Ba3 Be1 49. Ra6+ Kf7 50. Kh2 Bg3+ 51.
Kg1 f5 52. Bb2 f4 53. Rf6+ Ke7 54. Rf5 Ke6 55. Rf6+ Kd5 56. Bc1 Ke4 57. Rb6 Kd3 58.
Rb4 Kc2 59. Bxf4 Bxf4 60. Rxf4 a3 61. Rf6 a2 62. Ra6 Kb2 63. Kh2 Be6 64. Rb6+ Kc3 65. Rc6+ Kb4 66. Ra6 Bb3 67. Rxa2 Bxa2 68. Kh3 Bd5 69.
Kxh4 Bxg2 1/2-1/2

[Event "*** Titled Tuesday 3|2 Blitz (Late)"]
[Site "Chess.com"]
[Date "2017.01.03"]
[Round "8"]
[White "TrickyTrapChess"]
[Black "Dr-Bassem"]
[Result "0-1"]
[WhiteElo "2167"]
[BlackElo "2637"]
[TimeControl "180+2"]
[EndTime "18:38:40 PST"]
[Termination "Dr-Bassem won by resignation"]

1. d4 f5 2. Nc3 Nf6 3. Bg5 d5 4.
Bxf6 exf6 5. e3 Be6 6. Bd3 Nc6 7.
Nge2 g6 8. Nf4 Bf7 9. h4 Qd7 10.
Qe2 h5 11. O-O-O Ne7 12. f3 O-O-O 13. Kb1 Bh6 14. Bb5 c6 15. Ba4 Kb8 16. Nd3 Nc8 17.
Nc5 Qe7 18. e4 fxe4 19. fxe4 dxe4 20. Qxe4 Qxe4 21. N3xe4 f5 22. Nc3 Be3 23. Bb3 Bxb3 24. Nxb3 Nb6 25. a4 Rhe8 26. a5 Nc4 27. d5 c5 28. Na4 b6 29. axb6 axb6 30. Rh3 f4 31.
Nc3 Nd6 32. Rf3 Nf5 33. Rh1 Kb7 34. Nc1 Rf8 35. Nd3 Nd4 36. Rff1 Rde8 37. Rd1 c4 38. Nb4 Ra8 39. Rhf1 Ra5 40. Rfe1 Rfa8 41. b3 cxb3 42. Rxe3 fxe3 43. Rxd4 Ra1+ 44. Kb2 Rg1 45. Kxb3 Re8 46.
Re4 Rxe4 47. Nxe4 e2 48. Nd3 e1=Q 49. Nxe1 Rxe1 50. Nd6+ Kc7 51. Nf7 Re2 52. d6+ Kc6 53. g3 Re3+ 54. c3 Rxg3 55. Kc4 Rg4+ 56. Kd3 Rxh4 57. c4 Kc5 58. Ke3 Rd4 59. Nd8 Rxd6 60.
Nb7+ Kc6 61. Nxd6 Kxd6 62. Kd4 g5 0-1

[Event "*** Titled Tuesday 3|2 Blitz (Late)"]
[Site "Chess.com"]
[Date "2017.01.03"]
[Round "8"]
[White "FastChance"]
[Black "Frolik67"]
[Result "1-0"]
[WhiteElo "2495"]
[BlackElo "2314"]
[TimeControl "180+2"]
[EndTime "18:39:14 PST"]
[Termination "FastChance won by checkmate"]

1. d4 e6 2. Bf4 f5 3. e3 Nf6 4. c4 d6 5. Nf3 Nbd7 6. Nc3 g6 7.
d5 e5 8. Bg3 Nc5 9. Nd2 a5 10. f3 Bh6 11. Bf2 O-O 12. Qc2 Bd7 13.
Be2 Kh8 14. O-O g5 15. b3 f4 16. a3 g4 17. exf4 Bxf4 18. b4 Bxd2 19. bxc5 Bg5 20.
Rab1 gxf3 21. Bxf3 Qc8 22. Qe2 Ng4 23. Bxg4 Bxg4 24.
Qd3 Bf5 25. Ne4 Bh6 26. Qe2 Bg4 27. Qb2 Rf4 28. Rbe1 Qf5 29. Ng3 Qd3 30. cxd6 cxd6 31. Qxb7 Raf8 32. Qb6 R8f6 33. c5 dxc5 34. Qb8+ Bf8 35.
Qxe5 Kg8 36. Ne4 Rf7 37. Ng5 Bg7 38. Qd6 Bd7 39. Nxf7 Rxf7 40. Re7 Rxf2 41. Qb8+ Rf8 42. Rxf8+ Bxf8 43. Rxd7 Qd1+ 44. Kf2 Qd2+ 45. Kg3 Qe3+ 46.
Kg4 Qe2+ 47. Kf5 Qd3+ 48. Ke6 Qg6+ 49. Ke5 Qg5+ 50. Ke4 Qxg2+ 51. Kd3 Qf3+ 52. Kc2 Qe2+ 53.
Kb3 Qd3+ 54. Ka4 Qc2+ 55. Kxa5 Qd2+ 56. Kb6 Qb2+ 57. Kc7 Qe5+ 58. Kc8 Qe8+ 59. Rd8 Qf7 60. Qg3+ Kh8 61. Qd6 Kg8 62. Qe6 c4 63. Qxf7+ Kxf7 64. Rd7+ Kg6 65. Rc7 Bxa3 66. Rxc4 Bd6 67. Re4 Bxh2 68.
Rg4+ Kh5 69. Rg7 h6 70. Kd7 Kh4 71. Ke6 h5 72. d6 Kh3 73. d7 Bc7 74. Kf5 h4 75. Ke4 Kh2 76. Kf3 Bd8 77. Rh7 Bf6 78.
Rh8 Kg1 79. d8=Q Bxd8 80. Rxd8 h3 81. Kg3 h2 82. Rd1# 1-0

[Event "*** Titled Tuesday 3|2 Blitz (Late)"]
[Site "Chess.com"]
[Date "2017.01.03"]
[Round "8"]
[White "Elshan1985"]
[Black "Genghis_K"]
[Result "1-0"]
[WhiteElo "2615"]
[BlackElo "2721"]
[TimeControl "180+2"]
[EndTime "18:39:24 PST"]
[Termination "Elshan1985 won by resignation"]

1. d4 Nf6 2. Nf3 g6 3. c4 Bg7 4. Nc3 O-O 5. e4 d6 6. Be2 e5 7. O-O Nc6 8. d5 Ne7 9. a4 a5 10. b3 Nd7 11. Ne1 f5 12. Nd3 fxe4 13. Nxe4 Nf5 14. Bb2 Nf6 15. Nxf6+ Bxf6 16. Qd2 e4 17. Bxf6 Qxf6 18. Nb2 Nh4 19. Rac1 Nf3+ 20. Bxf3 exf3 21. Rc3 fxg2 22. Re1 Bf5 23. Rce3 Rf7 24. Nd1 Raf8 25. Qxa5 Bc2 26. R3e2 Bxb3 27. Ne3 Qh4 28. Qb4 Bxa4 29.
Qxa4 Rxf2 30. Qc2 R2f3 31. Nxg2 Qd4+ 32. Ne3 R3f4 33. Kh1 b6 34. Rd1 Qf6 35. Rg1 Rh4 36. Rf1 Rf4 37. Rxf4 Qxf4 38. Qd1 Qe4+ 39. Kg1 Re8 40.
Qe1 Qd4 41. Qf2 Qe4 42. Kf1 Qh1+ 43. Qg1 Qf3+ 44. Ke1 Ra8 45. Nd1 Qf4 46. Qe3 Qh4+ 47. Kd2 Qxc4 48. Qe6+ Kh8 49. Qf6+ Kg8 50. Qe6+ Kh8 51.
Nc3 Qf4+ 52. Kc2 b5 53. Qe4 Qf6 54. Kb3 b4 55. Qxb4 Kg8 56. Ra2 Re8 57. Ra7 Qf8 58.
Rxc7 Rb8 59. Rb7 Ra8 60. Qe4 Re8 61. Qc4 Qf5 62. Qc7 Qf6 63. Qxh7+ Kf8 64. Qh6+ Kg8 65.
Qh7+ Kf8 66. Qd7 Rd8 67. Qc7 Re8 68. Rb8 Rxb8+ 69. Qxb8+ Kg7 70. Qc7+ Kh6 71. Qc4 Qf2 72. h3 Qb6+ 73. Qb4 Qe3 74. Qg4 Qb6+ 75. Kc4 Qa6+ 76. Kd4 Qa7+ 77. Kd3 Qa6+ 78. Kd2 Qf1 79. Ne2 Qh1 80.
Qf4+ Kh7 81. Qxd6 Qxh3 82. Qxg6+ Kxg6 83. Nf4+ Kf5 84. Nxh3 Ke5 85. Nf4 1-0

[Event "*** Titled Tuesday 3|2 Blitz (Late)"]
[Site "Chess.com"]
[Date "2017.01.03"]
[Round "8"]
[White "jk13"]
[Black "yurisolo"]
[Result "1/2-1/2"]
[WhiteElo "2540"]
[BlackElo "2479"]
[TimeControl "180+2"]
[EndTime "18:39:40 PST"]
[Termination "Game drawn - insufficient material"]

1. d4 d5 2. Bf4 c5 3. e3 Nc6 4. c3 Bf5 5. Nd2 e6 6. Ngf3 Nf6 7. Qb3 Qb6 8. Be2 c4 9. Qxb6 axb6 10.
a3 Be7 11. Ne5 b5 12. O-O O-O 13. Rfe1 h6 14. h3 Nxe5 15. Bxe5 Nd7 16. Bg3 Nb6 17. Bd1 Bd3 18. e4 Rfe8 19. exd5 exd5 20. Bc7 Na4 21. Bxa4 bxa4 22. Bf4 g5 23. Bc7 Rac8 24. Ba5 Bd6 25. Bb4 Bf4 26. Nf1 Bxf1 27. Kxf1 b6 28. g3 Bc7 29. Be7 Kg7 30. Re2 f5 31. Rae1 Kf7 32.
g4 fxg4 33. hxg4 Bf4 34. Kg2 Rc7 35. Bb4 Rxe2 36. Rxe2 Rd7 37. Kf3 Bc1 38. Rc2 Bf4 39. Re2 Rb7 40. Re1 Rd7 41. Ke2 Rd8 42. Rh1 Kg6 43.
Kd1 Re8 44. Rh3 Bc7 45. Rh1 Re4 46. Bf8 Kf7 47. Bb4 Kg7 48. f3 Re3 49. Rh3 Bf4 50. Kc2 Re2+ 51. Kb1 Re1+ 52. Ka2 Re2 53. Kb1 Re1+ 54.
Ka2 Bc1 55. Bd6 Re2 56. Rh2 Re1 57. Be5+ Kg6 58. Bd6 b5 59. Bf8 Kf7 60. Bxh6 Rf1 61.
f4 Bxf4 62. Re2 Rg1 63. Bxg5 Bxg5 64. Re5 Rxg4 65. Rxd5 Rg2 66. Rxb5 Bd2 67. Kb1 Ke6 68. Rb4 Kd5 69. Rxa4 Bf4 70. Rb4 Bd6 71. Rb5+ Ke4 72. a4 Kd3 73. a5 Rg1+ 74. Ka2 Rg7 75. Rb6 Bf4 76. Ka3 Bc1 77. Ka4 Kc2 78. Kb4 Bxb2 79.
Kxc4 Bxc3 80. a6 Rc7+ 81. Kd5 Rd7+ 82. Kc6 Rxd4 83. a7 Ra4 84. Kb7 Rxa7+ 85. Kxa7 Bd4 86.
Ka6 Bxb6 1/2-1/2

[Event "*** Titled Tuesday 3|2 Blitz (Late)"]
[Site "Chess.com"]
[Date "2017.01.03"]
[Round "8"]
[White "Hamisandwich"]
[Black "MateusViageiro"]
[Result "1-0"]
[WhiteElo "2407"]
[BlackElo "2322"]
[TimeControl "180+2"]
[EndTime "18:42:51 PST"]
[Termination "Hamisandwich won by resignation"]

1. a3 d5 2. Nf3 Nf6 3. c4 c6 4. e3 g6 5. b4 Bg7 6. Bb2 O-O 7. Be2 dxc4 8. Bxc4 a5 9. b5 cxb5 10. Bxb5 Qb6 11. a4 Nc6 12. O-O Rd8 13. Na3 Be6 14. Rc1 Ne4 15. Bxg7 Kxg7 16. Nc4 Bxc4 17. Rxc4 Nd6 18. Qa1+ Kg8 19. Rh4 Nxb5 20. Rb1 Nb4 21. axb5 Qxb5 22. d4 Rdc8 23. Ne5 Qe2 24. h3 Rc2 25. Rf4 Nd3 26. Nxd3 Qxd3 27. Rxb7 Qc4 28.
Kh2 a4 29. Qb1 a3 30. Rb8+ Rxb8 31. Qxb8+ Qc8 32. Qa7 a2 33. d5 Qc7 34. Qxc7 Rxc7 35. Ra4 Rc2 36. Kg3 Kg7 37. Ra6 Kf8 38. Ra8+ Kg7 39. Ra6 g5 40. Kf3 h6 41. g4 Kf8 42.
Ra8+ Kg7 43. Ra6 Kh7 44. Kg3 Kg7 45. f4 f6 46. Kf3 Kf7 47. Ke4 Kg6 48. Ra7 Rh2 49.
f5+ Kf7 50. d6 Kf8 51. Ra8+ Kf7 52. Ra7 Kf8 53. d7 Rd2 54. Rxa2 Rxd7 55. Ra8+ Kg7 56. Ra6 Rd2 57. Kf3 Rh2 58. Kg3 Re2 59. Re6 Kf7 60.
h4 Re1 61. hxg5 hxg5 62. Kf3 Rf1+ 63. Kg2 Re1 64. Kf2 Ra1 65. e4 Ra3 66. e5 Ra4 67. exf6 exf6 68. Kf3 Ra3+ 69. Kg2 Ra4 70. Kf3 Ra3+ 71. Re3 Ra4 72. Rb3 Rf4+ 73. Kg3 Re4 74. Rb7+ Kf8 75. Rb6 Kf7 76. Rb7+ Kf8 77. Ra7 Re1 78.
Kf3 Re5 79. Rb7 Re1 80. Rc7 Re5 81. Rd7 Re1 82. Rd4 Rf1+ 83. Ke4 Re1+ 84. Kd5 Re5+ 85. Kd6 Re1 86. Rc4 Re2 87. Kd7 Re1 88. Kd6 Re2 89. Kd5 Re1 90. Re4 Ra1 91. Rc4 Re1 92.
Re4 Ra1 93. Re6 Kf7 94. Rc6 Ra5+ 95. Rc5 Ra4 96. Rc7+ Kf8 97. Rc4 Ra6 98. Rc6 Ra4 99. Rxf6+ Ke7 100. Re6+ Kf7 101. Re4 Ra2 102. Rd4 Re2 103. Rc4 Kf6 104. Rc6+ Kf7 105. Rg6 Rd2+ 106. Ke4 Re2+ 107. Kf3 Ra2 108. Rxg5 Ra4 109. Rg6 Rb4 110. Kg3 Ra4 111. Kh4 Ra1 112. Kg5 Ra8 113. Rf6+ Kg7 114. Rb6 Ra7 115. Kh5 Ra1 116. Kg5 Ra5 117. Rb7+ Kf8 118. Kg6 Ra4 119. g5 Ra1 120. f6 1-0

[Event "*** Titled Tuesday 3|2 Blitz (Late)"]
[Site "Chess.com"]
[Date "2017.01.03"]
[Round "9"]
[White "FastChance"]
[Black "Buffy7"]
[Result "1-0"]
[WhiteElo "2503"]
[BlackElo "2495"]
[TimeControl "180+2"]
[EndTime "18:45:18 PST"]
[Termination "FastChance won by resignation"]

1. d4 Nf6 2. Bf4 d5 3. e3 c5 4. Nf3 Nc6 5. Nbd2 e6 6. c3 Bd6 7. Bg3 O-O 8. Bd3 Qc7 9. dxc5 Bxg3 10. hxg3 e5 11. e4 dxe4 12. Nxe4 Nxe4 13. Bxe4 f5 14. Bd5+ Kh8 15. Nh4 Ne7 16. Ng6+ Nxg6 17. Rxh7+ 1-0

[Event "*** Titled Tuesday 3|2 Blitz (Late)"]
[Site "Chess.com"]
[Date "2017.01.03"]
[Round "9"]
[White "macko06"]
[Black "Caminator2000"]
[Result "1-0"]
[WhiteElo "2322"]
[BlackElo "2240"]
[TimeControl "180+2"]
[EndTime "18:48:49 PST"]
[Termination "macko06 won by resignation"]

1. d4 Nf6 2. Nf3 e6 3. c4 c5 4.
d5 b5 5. Bg5 exd5 6. cxd5 d6 7.
e4 a6 8. a4 Be7 9. axb5 Nxe4 10. Be3 O-O 11. Bd3 Nf6 12. Nc3 Bb7 13. O-O axb5 14. Rxa8 Bxa8 15. Bxb5 Nbd7 16. Re1 Nb6 17.
Bc6 Qc7 18. Bg5 h6 19. Bh4 Bxc6 20. dxc6 Rc8 21. Nb5 Qxc6 22. Na7 Qb7 23. Nxc8 Nxc8 24. Bxf6 Bxf6 25. b4 Ne7 26. bxc5 dxc5 27. Qc2 Qc6 28.
Rc1 Nf5 29. Qxf5 1-0

[Event "*** Titled Tuesday 3|2 Blitz (Late)"]
[Site "Chess.com"]
[Date "2017.01.03"]
[Round "9"]
[White "Genghis_K"]
[Black "boredoldman"]
[Result "1-0"]
[WhiteElo "2725"]
[BlackElo "2524"]
[TimeControl "180+2"]
[EndTime "18:49:04 PST"]
[Termination "Genghis_K won by resignation"]

1. e4 c5 2. Nf3 d6 3. d4 cxd4 4.
Nxd4 Nf6 5. Nc3 a6 6. Be3 e5 7. Nf3 Be7 8. Bc4 O-O 9. O-O Be6 10. Bb3 Nc6 11. Qe2 Ng4 12. Nd5 Nxe3 13. Nxe3 Rc8 14. Rfd1 Qc7 15. c3 Rfd8 16. Rd2 Bxb3 17. axb3 Bf8 18.
Nd5 Qb8 19. Nb6 Rc7 20. Rad1 Ne7 21. Nxe5 Nc6 22. Nf3 Re8 23. Nd5 Rd7 24. b4 b5 25.
h4 Ne5 26. Nxe5 Rxe5 27. Nf6+ gxf6 28. Qg4+ Kh8 29. Qxd7 Rxe4 30. Qxf7 Qe8 31. Qxe8 Rxe8 32. Ra1 Ra8 33. Rd5 Re8 34. Kf1 Kg7 35. Rxa6 Rd8 36. Ra7+ Kg6 37. h5+ Kh6 38. Rf7 Bg7 39. Rxb5 d5 40.
Rbb7 Rg8 41. Rxg7 Rxg7 42. Rxg7 Kxg7 43. b5 1-0

[Event "*** Titled Tuesday 3|2 Blitz (Late)"]
[Site "Chess.com"]
[Date "2017.01.03"]
[Round "9"]
[White "Rating-Schmating"]
[Black "nickmatta"]
[Result "1-0"]
[WhiteElo "2258"]
[BlackElo "2289"]
[TimeControl "180+2"]
[EndTime "18:49:37 PST"]
[Termination "Rating-Schmating won by resignation"]

1. e4 e5 2. Nf3 Nc6 3. d4 exd4 4. Nxd4 Nf6 5. Nxc6 bxc6 6. e5 Qe7 7. Qe2 Nd5 8. c4 Nb6 9. b3 a5 10. a3 Qe6 11.
Bb2 a4 12. b4 Ba6 13. Nd2 d5 14. exd6 cxd6 15. Qxe6+ fxe6 16. Rc1 d5 17. cxd5 Bxf1 18. Kxf1 cxd5 19. Rc6 Kd7 20. Rxb6 Rc8 21. Ke2 Rc2 22. Bxg7 Bxg7 23. Rb7+ Rc7 24. Rxc7+ Kxc7 25. Rc1+ Kd6 26. Rc2 e5 27. f3 Re8 28. Kd3 Bh6 29. Rc1 e4+ 30.
fxe4 dxe4+ 31. Ke2 Kd5 32. Rc5+ Kd4 33. Nc4 Rg8 34. g3 Rf8 35. Nd6 Rf3 36. Nf5+ Rxf5 37. Rxf5 Bc1 38. Ra5 Bxa3 39. Rxa4 Bb2 40. b5+ Kc5 41.
b6 Be5 42. Rxe4 1-0

[Event "*** Titled Tuesday 3|2 Blitz (Late)"]
[Site "Chess.com"]
[Date "2017.01.03"]
[Round "9"]
[White "rithwik2002"]
[Black "MrReinberg"]
[Result "0-1"]
[WhiteElo "1766"]
[BlackElo "2301"]
[TimeControl "180+2"]
[EndTime "18:49:57 PST"]
[Termination "MrReinberg won by checkmate"]

1. e4 c5 2. Nf3 g6 3. d4 cxd4 4.
Qxd4 Nf6 5. Nc3 Nc6 6. Qa4 d6 7. e5 dxe5 8. Nxe5 Bd7 9. Nxd7 Qxd7 10. Be3 Bg7 11. Be2 O-O 12. Rd1 Qc8 13. O-O a6 14. Qh4 Qf5 15. Rd2 Rad8 16. Rfd1 Rxd2 17. Rxd2 Qc8 18.
Bb6 Nd7 19. Be3 Nf6 20. Bb6 Nd7 21. Be3 Bf6 22. Qh3 Rd8 23. Bg4 e6 24. Bxe6 fxe6 25.
Qxe6+ Kh8 26. Bb6 Re8 27. Qxd7 Re1# 0-1

[Event "*** Titled Tuesday 3|2 Blitz (Late)"]
[Site "Chess.com"]
[Date "2017.01.03"]
[Round "9"]
[White "sandromareco"]
[Black "Goala"]
[Result "0-1"]
[WhiteElo "2369"]
[BlackElo "2205"]
[TimeControl "180+2"]
[EndTime "18:50:01 PST"]
[Termination "Goala won by resignation"]

1. Nf3 Nf6 2. c4 c5 3. d4 cxd4 4. Nxd4 a6 5. Nc3 Qc7 6. e4 d6 7. Be2 b6 8. Be3 Bb7 9. Nd5 Bxd5 10. cxd5 Nxe4 11. Rc1 Qb7 12. Bf3 Nf6 13. O-O g6 14.
Re1 Bg7 15. Nc6 O-O 16. Bd4 Nxc6 17. dxc6 Qc7 18. Qb3 Rab8 19. a4 e5 20. Be3 e4 21.
Be2 b5 22. axb5 axb5 23. Red1 b4 24. Bf4 Rfd8 25. Qc4 Rb6 26. Be3 Rbb8 27. Bf4 Rb6 28. Be3 Rbb8 29. g4 d5 30. Qc5 Bf8 31. Qd4 Bg7 32.
h3 Nxg4 33. Bxg4 Bxd4 34. Bxd4 f5 35. Be2 Rbc8 36. Ba6 Ra8 37. Bb7 Rab8 38. Bf6 Rf8 39. Bg5 Rxb7 40. cxb7 Qxb7 41. Rc6 Qxc6 0-1

[Event "*** Titled Tuesday 3|2 Blitz (Late)"]
[Site "Chess.com"]
[Date "2017.01.03"]
[Round "9"]
[White "norwaytoadog"]
[Black "Assasin14"]
[Result "0-1"]
[WhiteElo "1966"]
[BlackElo "2234"]
[TimeControl "180+2"]
[EndTime "18:50:02 PST"]
[Termination "Assasin14 won by resignation"]

1. e4 c5 2. Nf3 d6 3. Bb5+ Bd7 4.
Bxd7+ Qxd7 5. O-O Nc6 6. Qe2 Nf6 7. Rd1 e6 8. d4 cxd4 9. Nxd4 Be7 10. c4 O-O 11. Nc3 a6 12. b3 Rfd8 13. Bb2 Rab8 14. Nxc6 Qxc6 15. Rd3 b5 16. cxb5 axb5 17. Rg3 b4 18.
Nd1 Qb5 19. Qxb5 Rxb5 20. Ne3 Rc8 21. Nc4 g6 22. Re1 d5 23. exd5 Nxd5 24. Rd3 Ra8 25. Ra1 0-1

[Event "*** Titled Tuesday 3|2 Blitz (Late)"]
[Site "Chess.com"]
[Date "2017.01.03"]
[Round "9"]
[White "QuintilianoR"]
[Black "Ez_Chess2016"]
[Result "1-0"]
[WhiteElo "2498"]
[BlackElo "1987"]
[TimeControl "180+2"]
[EndTime "18:50:18 PST"]
[Termination "QuintilianoR won by resignation"]

1. d4 Nf6 2. Nf3 g6 3. Bf4 Bg7 4.
e3 O-O 5. h3 c5 6. c3 b6 7. Nbd2 Bb7 8. Be2 d6 9. a4 a6 10. O-O Nbd7 11. Bh2 Ra7 12. Qb3 Qa8 13. Rfc1 Ne4 14. Nxe4 Bxe4 15. Qd1 Rc8 16. Qf1 Bc6 17.
Nd2 b5 18. axb5 axb5 19. b4 Qb7 20. Rxa7 Qxa7 21. Bxb5 Bxb5 22. Qxb5 cxb4 23. Qxb4 Rb8 24. Qc4 Qa3 25. Rf1 Rb2 26. Qd3 Nf6 27. Nc4 Qa6 28. Nxb2 1-0

[Event "*** Titled Tuesday 3|2 Blitz (Late)"]
[Site "Chess.com"]
[Date "2017.01.03"]
[Round "9"]
[White "jcgs1030"]
[Black "yian123"]
[Result "1-0"]
[WhiteElo "2344"]
[BlackElo "2372"]
[TimeControl "180+2"]
[EndTime "18:50:41 PST"]
[Termination "jcgs1030 won by checkmate"]

1. e4 e5 2. Nf3 Nc6 3. Bb5 a6 4.
Ba4 Nf6 5. O-O Be7 6. Re1 b5 7.
Bb3 d6 8. a4 Bd7 9. axb5 axb5 10. Rxa8 Qxa8 11. Nc3 Na5 12. Ba2 b4 13. Nd5 Nxd5 14.
Bxd5 c6 15. Ba2 b3 16. cxb3 c5 17. b4 cxb4 18. Bd5 Bc6 19. d4 Bxd5 20. exd5 O-O 21.
dxe5 dxe5 22. Nxe5 Rd8 23. Nxf7 Kxf7 24. Qh5+ Kf8 25. d6 Bf6 26. Bd2 Nc6 27. Qxh7 Qa2 28. Qe4 Qxb2 29. Bf4 Qd4 30. Qf5 b3 31. g4 g6 32. Bh6+ Kf7 33. Qe6# 1-0

[Event "*** Titled Tuesday 3|2 Blitz (Late)"]
[Site "Chess.com"]
[Date "2017.01.03"]
[Round "9"]
[White "HouseOfDurin"]
[Black "eltenedor"]
[Result "1-0"]
[WhiteElo "1883"]
[BlackElo "2005"]
[TimeControl "180+2"]
[EndTime "18:50:50 PST"]
[Termination "HouseOfDurin won on time"]

1. d4 d5 2. c4 dxc4 3. Nc3 a6 4.
a4 Nc6 5. Nf3 Nf6 6. e4 Bg4 7.
d5 Ne5 8. Be2 Bxf3 9. gxf3 c6 10. f4 Nd3+ 11. Bxd3 cxd3 12. Qxd3 e6 13. Be3 Bb4 14. d6 Qa5 15. e5 Nd5 16. Bd2 O-O-O 17. O-O Rhg8 18. Rac1 Bxc3 19. bxc3 Qxa4 20. c4 Nb6 21.
Be3 Nd7 22. Ra1 Qb4 23. Rfb1 Nc5 24. Qc2 Nb3 25. Rxb3 1-0

[Event "*** Titled Tuesday 3|2 Blitz (Late)"]
[Site "Chess.com"]
[Date "2017.01.03"]
[Round "9"]
[White "Kacparov"]
[Black "chito89"]
[Result "1-0"]
[WhiteElo "2607"]
[BlackElo "2515"]
[TimeControl "180+2"]
[EndTime "18:50:58 PST"]
[Termination "Kacparov won on time"]

1. e4 g6 2. d4 Bg7 3. Nc3 d6 4. f4 Nf6 5. Nf3 O-O 6. Bd3 Nc6 7. e5 dxe5 8. dxe5 Nd5 9. Nxd5 Qxd5 10. Qe2 Bf5 11. Bxf5 gxf5 12. c3 Rad8 13. Be3 e6 14. O-O Rfe8 15. Rfd1 Qa5 16. Qc4 Bf8 17. h3 Ne7 18.
Bf2 Nd5 19. g3 c5 20. Kg2 b5 21. Qe2 Qa4 22. Re1 h6 23. Rec1 Qe4 24. Re1 Qxe2 25.
Rxe2 Nb6 26. g4 fxg4 27. hxg4 Rd3 28. Be3 Red8 29. Kf2 Nd5 30. Rh1 a5 31. g5 1-0

[Event "*** Titled Tuesday 3|2 Blitz (Late)"]
[Site "Chess.com"]
[Date "2017.01.03"]
[Round "9"]
[White "nonscitis"]
[Black "AndrBaryshpolets"]
[Result "0-1"]
[WhiteElo "2339"]
[BlackElo "2457"]
[TimeControl "180+2"]
[EndTime "18:51:06 PST"]
[Termination "AndrBaryshpolets won by resignation"]

1. e4 e5 2. Nf3 Nc6 3. Bc4 Bc5 4.
c3 Nf6 5. d4 exd4 6. cxd4 Bb4+ 7. Nbd2 d5 8. exd5 Nxd5 9. O-O O-O 10. a3 Bxd2 11. Qxd2 h6 12. h3 Be6 13. Rd1 Qd6 14. Qe1 Rfe8 15. Ne5 Nb6 16. Bb5 Bb3 17. Bxc6 bxc6 18.
Rd3 Bc2 19. Rc3 Qxd4 20. Be3 Qxe5 21. Rxc2 Nd5 22. Rac1 Re6 23. b4 Qe4 24. Rc4 Qg6 25. Rg4 Qd3 26. Rd4 Qxa3 27. b5 Nxe3 28. fxe3 cxb5 29.
Rxc7 Rxe3 30. Qf2 Qa1+ 31. Rd1 Qxd1+ 32. Kh2 Qd6+ 0-1

[Event "*** Titled Tuesday 3|2 Blitz (Late)"]
[Site "Chess.com"]
[Date "2017.01.03"]
[Round "9"]
[White "amurdercastle"]
[Black "Abrito99"]
[Result "0-1"]
[WhiteElo "2336"]
[BlackElo "2352"]
[TimeControl "180+2"]
[EndTime "18:51:35 PST"]
[Termination "Abrito99 won on time"]

1. d4 Nf6 2. c4 e6 3. Nf3 c5 4. d5 b5 5. Bg5 exd5 6. cxd5 d6 7.
Nbd2 Be7 8. e4 a6 9. Bf4 O-O 10. Bd3 Nbd7 11. O-O Re8 12. b3 Nh5 13. Be3 Bf6 14. Rc1 g6 15. Re1 Bg7 16. Bg5 Qa5 17.
Qc2 h6 18. Be3 Bb7 19. Nf1 Re7 20. Bd2 Qb6 21. Ng3 Nhf6 22. Bc3 Rae8 23. Ba1 Ng4 24.
Bxg7 Kxg7 25. Qb2+ Kg8 26. h3 Nge5 27. Nxe5 Nxe5 28.
Bb1 c4 29. Kh2 cxb3 30. axb3 h5 31. f4 h4 32. Nf1 Nd7 33. Qd2 Nf6 34. e5 dxe5 35.
d6 Re6 36. fxe5 Rxe5 37. Rxe5 Rxe5 38. Qf4 Qxd6 0-1

[Event "*** Titled Tuesday 3|2 Blitz (Late)"]
[Site "Chess.com"]
[Date "2017.01.03"]
[Round "9"]
[White "chesstatour"]
[Black "Shivagami"]
[Result "1-0"]
[WhiteElo "1809"]
[BlackElo "1974"]
[TimeControl "180+2"]
[EndTime "18:51:37 PST"]
[Termination "chesstatour won by resignation"]

1. c4 e5 2. Nc3 Nc6 3. g3 Bb4 4.
Bg2 Nf6 5. Nf3 d6 6. O-O Bxc3 7. bxc3 O-O 8. d3 e4 9. Ng5 exd3 10. exd3 h6 11. Nh3 Bg4 12. Qc2 Qd7 13. Nf4 g5 14.
Nd5 Nxd5 15. cxd5 Ne5 16. f4 gxf4 17. gxf4 Ng6 18. f5 Bxf5 19. Bxh6 Rfe8 20. Rf2 Kh7 21. Raf1 Nh4 22. Bg5 Nxg2 23. Rxf5 Kg6 24. Qxg2 Qxf5 25. Bh4+ Kh6 26. Rxf5 Rg8 27. Bg3 Rg6 28. Qf3 Rag8 29.
Rxf7 c6 30. Qf4+ Kh5 31. Rf5+ Rg5 32. Rxg5+ Rxg5 33. dxc6 bxc6 34. h4 Rg4 35. Qf3 1-0